 Dungeon Crawl Stone Soup version 0.30-a0-840-ga523dec638 (webtiles) character file.

Game seed: 12183905348101633334

305 cforsyth the Sneak (level 6, -1/38 HPs)
             Began as a Kobold Brigand on Mar 2, 2023.
             Succumbed to an orc's poison
             ... on level 3 of the Dungeon.
             The game lasted 00:02:32 (2191 turns).

cforsyth the Sneak (Kobold Brigand)                 Turns: 2191, Time: 00:02:33

Health: -1/38      AC:  4    Str:  8    XL:     6   Next: 66%
Magic:  6/6        EV: 16    Int: 13    God:
Gold:   136        SH:  0    Dex: 18    Spells: 5/5 levels left

rFire   . . .      SeeInvis .    a - +2 dagger
rCold   . . .      Faith    .    (no shield)
rNeg    . . .      Spirit   .    b - +0 robe
rPois   .          Reflect  .    (no helmet)
rElec   .          Harm     .    c - +0 cloak
rCorr   .          Rampage  .    (no gloves)
Will    .....                    n - +0 pair of boots
Stlth   +++++                    (no amulet)
HPRegen 0.26/turn                (no ring)
MPRegen 0.10/turn                (no ring)

@: lethally poisoned (-1 -> -12)
A: small, no large weapons, nightstalker 3
a: no special abilities


You were on level 3 of the Dungeon.
You visited 1 branch of the dungeon, and saw 4 of its levels.

You collected 136 gold pieces.

Inventory:

Hand Weapons
 a - a +2 dagger (weapon)
Missiles
 d - 9 poisoned darts (quivered)
 e - 3 curare-tipped darts
Armour
 b - a +0 robe (worn)
 c - a +0 cloak (worn)
 n - a +0 pair of boots (worn)
Scrolls
 f - a scroll of poison {unknown}
 g - 2 scrolls of identify {unknown}
 j - 2 scrolls of teleportation {unknown}
 l - a scroll of torment {unknown}
 m - a scroll of enchant armour {unknown}
 p - a scroll of immolation {unknown}
Potions
 h - a potion of cancellation {unknown}
 i - a potion of heal wounds {unknown}
 k - a potion of ambrosia {unknown}
 o - 2 potions of might


   Skills:
 + Level 4.0 Fighting
 + Level 4.8 Short Blades
 - Level 2.1 Throwing
 + Level 3.8 Dodging
 + Level 6.9 Stealth


You had 5 spell levels left.
You didn't know any spells.
Your spell library contained the following spells:

 Spells                   Type           Power      Damage    Failure   Level
 Beastly Appendage        Tmut           0%         N/A       30%         1
 Wereblood                Tmut           0%         N/A       43%         2
 Spider Form              Tmut/Pois      0%         N/A       67%         3
 Airstrike                Air            0%         2d(0-16)  97%         4
 Summon Lightning Spire   Summ/Air       0%         N/A       97%         4
 Lightning Bolt           Conj/Air       0%         1d11      100%        5


Dungeon Overview and Level Annotations

Branches:
Dungeon (4/15)
 Temple: D:4-7

Altars:


Innate Abilities, Weirdness & Mutations

You are small and have problems with some larger weapons.
You are completely attuned to the shadows.


Message History

You completely miss the orc. The orc hits you but does no damage.
You are poisoned.
You hit the orc but do no damage.
You feel sick.
A goblin comes into view. It is wielding a +0 short sword.
The orc completely misses you. The orc barely misses you.
The goblin shouts!
You hit the orc.
The orc is lightly wounded.
You feel sick.
The orc hits you with a +2 whip of venom.
You are more poisoned.
The orc hits you with a +0 flail.
You hit the orc.
The orc is heavily wounded.
You feel sick.
You hit the orc.
You kill the orc!
You feel very sick.
The orc hits you with a +2 whip of venom.
You are lethally poisoned!
You are too injured to fight recklessly!
You are too injured to fight recklessly!
You are too injured to fight recklessly!
You are too injured to fight recklessly!
You are too injured to fight recklessly!
You are too injured to fight recklessly!
You are too injured to fight recklessly!
You are too injured to fight recklessly!
You hit the orc but do no damage.
* * * LOW HITPOINT WARNING * * *
You feel very sick. The orc barely misses you. The hobgoblin misses you.
The hobgoblin attacks as you move away! The hobgoblin misses you.
The orc attacks as you move away! The orc closely misses you.
* * * LOW HITPOINT WARNING * * *
You feel very sick.
* * * LOW HITPOINT WARNING * * *
You feel very sick. The orc misses you.
You die...

.. #' #.####
###..)g######.
.....#.o.@....
...).#.g.#####
....####.#
.... #>..#
.... #.###
...# #####


You could see an orc, a hobgoblin and a goblin.

Vanquished Creatures
  Menkaure (D:4)
  A jelly (D:4)
  Jessica (D:2)
  Terence (D:2)
  3 gnolls (D:2)
  2 adders (D:2)
  2 dart slugs
  2 orcs (D:3)
  6 endoplasms
  3 giant cockroaches
  4 goblins
  2 hobgoblins
  5 jackals
  2 quokkas
  A ball python (D:1)
  8 bats
  4 frilled lizards (D:1)
  3 kobolds
  4 rats
55 creatures vanquished.

Notes
Turn   | Place    | Note
-------+----------+-------------------------------------------
     0 | D:1      | cforsyth the Kobold Brigand began the quest for the Orb.
     0 | D:1      | Reached XP level 1. HP: 12/12 MP: 1/1
   162 | D:1      | Reached XP level 2. HP: 18/18 MP: 2/2
   368 | D:1      | Reached XP level 3. HP: 20/22 MP: 3/3
  1223 | D:2      | Reached XP level 4. HP: 13/27 MP: 4/4
  1225 | D:2      | HP: 1/27 [gnoll/+0 spear (6)]
  1290 | D:2      | Reached skill level 6 in Stealth
  1645 | D:2      | Noticed Terence
  1649 | D:2      | Killed Terence
  1650 | D:2      | Reached XP level 5. HP: 32/32 MP: 5/5
  1831 | D:2      | Noticed Jessica
  1835 | D:2      | Killed Jessica
  2078 | D:3      | You fall into a shaft and drop 1 floor!
  2094 | D:4      | Noticed Menkaure
  2098 | D:4      | Killed Menkaure
  2099 | D:4      | Reached XP level 6. HP: 38/38 MP: 6/6
  2190 | D:3      | HP: 1/38 [poisoned by an orc]
  2191 | D:3      | Succumbed to an orc's poison

Illustrated notes

Levels and vault maps discovered:
D:1:      heliophobic_arrival_glass_houses, layout_basic, minmay_crystal_room
D:2:      layout_loops_ring, small_statue_intersection,
          kennysheep_jessica_study, uniq_terence
D:3:      layout_loops_corners, general_overflow_altar, uniq_jessica,
          uniq_grinder
D:4:      layout_gridville, grunt_gozag_statues, minmay_temple_entry_ruins,
          serial_shops, nicolae_lakefront_shop, uniq_menkaure, uniq_sigmund

Skill      XL: |  1  2  3  4  5 |
---------------+----------------+-----
Short Blades   | 3 4 |  4.8
Dodging        | 2 3 |  3.8
Fighting       | 3 4 |  4.0
Stealth        | 6 |  6.9
Throwing       | |  2.1

Action                     |  1- 3 |  4- 6 || total
---------------------------+-------+-------++-------
  Melee: Dagger            |    72 |    89 ||   161
    Use: Potion            |     2 |       ||     2
   Stab: Sleeping          |    21 |     9 ||    30
 Armour: Robe              |     9 |    10 ||    19
  Dodge: Dodged            |    35 |    58 ||    93

Table legend: (Time is in decaauts)
 A = Elapsed time spent in this place.
 B = Non-inter-level travel time spent in this place.
 C = Inter-level travel time spent in this place.
 D = Time resting spent in this place.
 E = Time spent auto-exploring this place.
 F = Levels seen in this place.
 G = Mean time per level.
                   A        B        C        D        E       F      G
               +--------+--------+--------+--------+--------+-----+--------+
         Total |   2161 |   2139 |     22 |      0 |   1722 |   4 |  540.2 |
       Dungeon |   2161 |   2139 |     22 |      0 |   1722 |   4 |  540.2 |
               +--------+--------+--------+--------+--------+-----+--------+

Top non-repeatable levels by time:
     D:2: 967 daAuts
     D:1: 897 daAuts
     D:3: 222 daAuts
     D:4: 74 daAuts
